AoeStats
← _vishi_

Arena

506196563Analyzed
4v4 RM · 19d ago on Sep 12, 2026· 25m 4s· 8 players
Game mode
Random Map
Map size
Large (8 player)
Population
200
Speed
Normal
Resources
Standard
Victory
Conquest
Starting age
Dark Age
Ending age
Imperial Age
RankedLock teamsTeams togetherTeam positionsShared explorationLock speedFull tech treeHidden civsTurbo modeCheats
Victory
Defeat
🇦🇷 Spanish · Argentina
1396
+16
🇹🇷 Persians · Türkiye
1390
+16
🇦🇷 Franks · Argentina
1374
+16
🇦🇹 Japanese · Austria
1373
+16
🇮🇳 Jurchens · India
1414
-17
🇫🇷 Poles · France
1399
-17
🇦🇷 Malay · Argentina
1379
-16
🇲🇽 Spanish · Mexico
1344
-14
Ramci
11:06 Feudal Age
14:32 Castle Age
12:56 Double-Bit Axe
12:52 Horse Collar
15:24 Bow Saw
17:55 Loom
23:05 Bloodlines
23:08 Forging
24:23 Wheelbarrow
IRON MIKE
10:20 Feudal Age
14:15 Castle Age
14:11 Double-Bit Axe
14:22 Stone Mining
15:14 Bow Saw
20:34 Wheelbarrow
21:14 Horse Collar
22:24 Gold Mining
27:11 Imperial Age
24:58 Hand Cart
24:29 Loom
NotGG
10:34 Feudal Age
8:50 Loom
15:16 Castle Age
14:15 Double-Bit Axe
19:07 Fletching
21:00 Murder Holes
jeremias723
10:33 Feudal Age
14:11 Castle Age
12:38 Double-Bit Axe
15:15 Wheelbarrow
22:52 Fletching
23:39 Town Watch
25:28 Loom
Titi
10:48 Feudal Age
14:27 Castle Age
12:46 Double-Bit Axe
12:49 Horse Collar
16:30 Bow Saw
17:37 Heavy Plow
19:49 Wheelbarrow
20:28 Loom
20:41 Town Watch
BenOFF
5:11 Loom
9:36 Feudal Age
15:14 Castle Age
14:19 Double-Bit Axe
22:18 Fletching
24:43 Forging
_vishi_
10:49 Feudal Age
14:48 Castle Age
13:30 Double-Bit Axe
13:27 Horse Collar
15:36 Wheelbarrow
16:08 Bow Saw
16:01 Heavy Plow
CTM | Severo24cm
10:36 Feudal Age
16:13 Castle Age
15:06 Double-Bit Axe
15:36 Horse Collar
18:13 Fletching
18:36 Loom
Connection lost

Rejoining the realm…

Still unreachable

The connection could not be restored.

Session expired

The server has moved on; the page needs a fresh start.